 Dungeon Crawl Stone Soup version 0.19-a0-1933-g052ff51 (console) character file.

136 Gottschkopf the Magician (level 4, 0/24 HPs)
             Began as a Deep Elf Air Elementalist on Oct 26, 2016.
             Killed by divine providence
             ... invoked by an orc priest
              (10 damage)
             ... on level 3 of the Dungeon.
             The game lasted 00:08:28 (2386 turns).

Gottschkopf the Magician (DEAE)                     Turns: 2386, Time: 00:08:29

Health: 0/24       AC:  4    Str:  5    XL:     4   Next: 98%
Magic:  9/13       EV: 13    Int: 21    God:
Gold:   120        SH:  0    Dex: 15    Spells: 4 memorised, 5 levels left

rFire  . . .     SeeInvis .     v - +1 dagger (freeze)
rCold  . . .     Gourm    .     a - +0 robe
rNeg   . . .     Faith    .     (no shield)
rPois  .         Spirit   .     p - +1 hat
rElec  .         Reflect  .     (no cloak)
rCorr  .         Harm     .     q - +0 pair of gloves
MR     .....                    (no boots)
Stlth  ++........               (no amulet)
                                (no ring)
                                (no ring)

@: repel missiles
A: no striking features
a: no special abilities


You were on level 3 of the Dungeon.
You were not hungry.

You visited 1 branch of the dungeon, and saw 3 of its levels.

You collected 120 gold pieces.

Inventory:

Hand Weapons
 v - a +1 dagger of freezing (weapon)
Armour
 a - a +0 robe (worn)
 p - a +1 hat (worn)
 q - a +0 pair of gloves (worn)
Scrolls
 k - a scroll of magic mapping {unknown}
 l - a scroll of remove curse {unknown}
 m - a scroll of identify {unknown}
 r - a scroll of fear {unknown}
 s - a scroll of immolation {unknown}
 t - a scroll of recharging {unknown}
 u - 2 scrolls of amnesia {unknown}
 w - a scroll of fog {unknown}
 x - a scroll of random uselessness {unknown}
Potions
 d - a potion of lignification {unknown}
 e - 3 potions of curing {unknown}
 g - a potion of cancellation {unknown}
 h - 2 potions of might {unknown}
 i - a potion of haste {unknown}
 j - 3 potions of flight {unknown}
 n - a potion of degeneration {unknown}
 o - a potion of cure mutation {unknown}
Books
 b - a book of Air

   Spells                             Type                      Level
   a - Shock                          Conjuration/Air              1
   b - Swiftness                      Charms/Air                   2
   c - Repel Missiles                 Charms/Air                   2
   d - Static Discharge               Conjuration/Air              3
   e - Lightning Bolt                 Conjuration/Air              5
Comestibles
 c - a bread ration
 f - 3 chunks of flesh


   Skills:
 - Level 2.4 Dodging
 - Level 2.4 Stealth
 - Level 5.0 Spellcasting
 - Level 2.5 Conjurations
 + Level 4.2 Air Magic


You had 5 spell levels left.
You knew the following spells:

 Your Spells              Type           Power        Failure   Level  Hunger
a - Shock                 Conj/Air       ###.         2%          1    None
b - Repel Missiles        Chrm/Air       ##....       10%         2    None
c - Swiftness             Chrm/Air       ##......     10%         2    None
d - Static Discharge      Conj/Air       ###.....     10%         3    ##.....


Dungeon Overview and Level Annotations

Branches:
Dungeon (3/15)

Altars:
Cheibriados
The Shining One


Message History

The orc is almost dead.
The orc priest shouts!
The orc priest invokes the aid of Beogh against you.
Beogh smites you!
Ouch! That really hurt!
A kobold comes into view.
There are monsters nearby!
Casting: Shock
Confirm with . or Enter, or press ? or * to list all spells.
Aiming: Shock
Press: ? - help, Shift-Dir - straight line, f/p - orc
Aim: an orc, wielding a flail of draining (almost dead)
The zap hits the orc.
You kill the orc!
The zap hits the orc priest.
The orc priest is moderately wounded.
An orc and an orc wizard come into view.
The orc priest invokes the aid of Beogh against you.
Beogh smites you!
You die...

#.....##.#_#...######.#####
#.#.#.#...#...[..####.#######
####.#.#.#......#..............#
.#.....[....###....#.###.#.##.#.#
...##.#.#..........#.# #.#.##.#.#
........#...##...###.# #.#....#.#
...##)....####.......# #.#.#.....
.#..>...### #.......# #........#
##.#.#.# #..@#######........#
##....#.# #...#### #....###.##
......#.### #........#..[.# #.##
##........# #...####.#...>###.##
##..#.#......................#.##
##(.#)#........).............#...
##..#.#
................รท....####
....#.###.###.o..K.##.....#...# #
##[.......# #.oo...<..........# #


You could see an orc priest and a kobold.

Vanquished Creatures
  7 adders
  4 worms (D:2)
  A dart slug (D:2)
  2 leopard geckos
  An orc (D:3)
  2 giant cockroaches
  6 goblins
  5 hobgoblins
  8 jackals (D:2)
  5 kobolds
  2 ball pythons
  7 bats
  4 frilled lizards
  7 rats
61 creatures vanquished.

Notes
Turn   | Place    | Note
-------+----------+-------------------------------------------
     0 | D:1      | Gottschkopf the Deep Elf Air Elementalist began the quest for the Orb.
     0 | D:1      | Reached XP level 1. HP: 10/10 MP: 6/6
   111 | D:1      | Reached XP level 2. HP: 15/15 MP: 0/8
   120 | D:1      | Learned a level 2 spell: Repel Missiles
   123 | D:1      | Learned a level 2 spell: Swiftness
   268 | D:1      | Reached skill level 4 in Spellcasting
   706 | D:2      | Reached skill level 5 in Spellcasting
   706 | D:2      | Reached XP level 3. HP: 10/19 MP: 1/11
   711 | D:2      | Learned a level 3 spell: Static Discharge
  1478 | D:2      | Reached XP level 4. HP: 24/24 MP: 9/13
  1910 | D:2      | Found a snail-covered altar of Cheibriados.
  2102 | D:3      | Found a faded altar of an unknown god.
  2246 | D:3      | Found a glowing golden altar of the Shining One.
  2386 | D:3      | Killed from afar by an orc priest

Vault maps used:
D:1:      lemuel_arrival_funnel, minmay_tetromino_o2
D:2:      st_stairs_5, kennysheep_slug_shrine
D:3:      nicolae_tso_carved_into_rock, xom_teletrap_fun, ecumenical_altar_1,
          first_bread

Skill      XL: |  1  2  3  4 |
---------------+-------------+-----
Spellcasting   | 5 |  5.0
Conjurations   | 2 |  2.5
Air Magic      | 4 |  4.2
Dodging        | |  2.4
Stealth        | |  2.4

Action                   |  1- 3 |  4- 6 || total
-------------------------+-------+-------++-------
Melee: Dagger            |    14 |       ||    14
 Cast: Shock             |    93 |    56 ||   149
       Repel Missiles    |     1 |       ||     1
  Eat: Chunk             |     2 |     2 ||     4
Armor: Robe              |     5 |     2 ||     7
Dodge: Dodged            |    36 |     5 ||    41
